3AAA
HIALEAH DODOS @ SANTA BARBARA GOLDEN CRANES
08/17/2027
 
TOP OF THE 1ST
Hialeah Dodos batting - Pitching for Santa Barbara Golden Cranes : RHP Joey McCarthy
Pitching: RHP Joey McCarthy
Batting: RHB Jorge Salgado 0-0: Foul Ball, location: 2F
0-1: Ground out U3 (Groundball, 3)
Batting: SHB Luis Manuel Flores 0-0: Ball
1-0: Fly out, F8 (Flyball, 8LD)
Batting: RHB Luis Jelarde 0-0: Ball
1-0: Called Strike
1-1: Ball
2-1: Foul Ball, location: 2F
2-2: Ball
3-2: Foul Ball, location: 2F
3-2: Base on Balls
Batting: LHB Curt Wilson 0-0: Ball
1-0: Called Strike
1-1: Fielders Choice at 2nd, 4-6 (Groundball, 4)
Top of the 1st over - 0 run(s), 0 hit(s), 0 error(s), 0 left on base; Hialeah 0 - Santa Barbara 0
BOTTOM OF THE 1ST
Santa Barbara Golden Cranes batting - Pitching for Hialeah Dodos : RHP Stanley Eldrige
Pitching: RHP Stanley Eldrige
Batting: RHB Ed St. James 0-0: Ball
1-0: Called Strike
1-1: Foul Ball, location: 2F
1-2: Ball
2-2: Reached on error, E4 (Groundball, 4)
Batting: LHB Sixto Álvarez 0-0: Ball
1-0: Swinging Strike
1-1: Swinging Strike
1-2: DOUBLE (Line Drive, 3D)
Ed St. James scores
Batting: RHB Logan Manning 0-0: Ball
1-0: Foul Ball, location: 2F
1-1: Ball
2-1: Fly out, F2 (Popup, 2L)
Batting: RHB Gilbert Graham 0-0: Ball
1-0: Called Strike
1-1: Called Strike
1-2: Ball
2-2: Fly out, F8 (Flyball, 89XD)
Runner from 2nd tags up, SAFE at 3rd, no throw
Batting: RHB Lúcio Sánchez 0-0: Called Strike
0-1: Ground out 4-3 (Groundball, 4)
Bottom of the 1st over - 1 run(s), 1 hit(s), 1 error(s), 1 left on base; Hialeah 0 - Santa Barbara 1
TOP OF THE 2ND
Hialeah Dodos batting - Pitching for Santa Barbara Golden Cranes : RHP Joey McCarthy
Batting: SHB Javier Gonzáles 0-0: Swinging Strike
0-1: Ball
1-1: Ground out 1-3 (Groundball, P)
Batting: LHB Perry Bothof 0-0: Ball
1-0: Ball
2-0: Foul Ball, location: 2F
2-1: Ball
3-1: Base on Balls
Batting: RHB Daniel Ruíz 0-0: Grounds into double play, 4-6-3 (Groundball, 4)
Top of the 2nd over - 0 run(s), 0 hit(s), 0 error(s), 0 left on base; Hialeah 0 - Santa Barbara 1
BOTTOM OF THE 2ND
Santa Barbara Golden Cranes batting - Pitching for Hialeah Dodos : RHP Stanley Eldrige
Batting: RHB Ángel López 0-0: Ground out 5-3 (Groundball, 5L)
Batting: RHB Edmund Gallagher 0-0: Called Strike
0-1: Ball
1-1: Fly out, F8 (Flyball, 8RM)
Batting: RHB Jordan Hollins 0-0: Ball
1-0: Ball
2-0: Foul Ball, location: 2F
2-1: Fly out, F8 (Flyball, 8LM)
Bottom of the 2nd over - 0 run(s), 0 hit(s), 0 error(s), 0 left on base; Hialeah 0 - Santa Barbara 1
TOP OF THE 3RD
Hialeah Dodos batting - Pitching for Santa Barbara Golden Cranes : RHP Joey McCarthy
Batting: SHB Vincente Ybarra 0-0: Ball
1-0: Swinging Strike
1-1: Foul Ball, location: 2F
1-2: Ball
2-2: Strikes out swinging
Batting: RHB Armando García 0-0: Called Strike
0-1: Ball
1-1: SINGLE (Groundball, 3S) (infield hit)
Batting: RHB Jorge Salgado 0-0: Ball
1-0: Ball
2-0: Ball
3-0: Foul Ball, location: 2F
3-1: Ground out 5-3 (Groundball, 5S)
Armando García to second
Batting: SHB Luis Manuel Flores 0-0: Ball
1-0: Foul Ball, location: 2F
1-1: Fly out, F9 (Flyball, 9LS)
Top of the 3rd over - 0 run(s), 1 hit(s), 0 error(s), 1 left on base; Hialeah 0 - Santa Barbara 1
BOTTOM OF THE 3RD
Santa Barbara Golden Cranes batting - Pitching for Hialeah Dodos : RHP Stanley Eldrige
Batting: RHB Daniel Maldonado 0-0: Ball
1-0: Called Strike
1-1: Fly out, F4 (Popup, 4MS)
Batting: RHB Ed St. James 0-0: Called Strike
0-1: Ground out 6-3 (Groundball, 6)
Batting: LHB Sixto Álvarez 0-0: Fly out, F9 (Flyball, 9)
Bottom of the 3rd over - 0 run(s), 0 hit(s), 0 error(s), 0 left on base; Hialeah 0 - Santa Barbara 1
TOP OF THE 4TH
Hialeah Dodos batting - Pitching for Santa Barbara Golden Cranes : RHP Joey McCarthy
Batting: RHB Luis Jelarde 0-0: Ball
1-0: Ball
2-0: Called Strike
2-1: Ground out 5-3 (Groundball, 25)
Batting: LHB Curt Wilson 0-0: Ball
1-0: Foul Ball, location: 2F
1-1: Ground out 4-3 (Groundball, 4)
Batting: SHB Javier Gonzáles 0-0: Ball
1-0: Called Strike
1-1: Foul Ball, location: 2F
1-2: Ground out U3 (Groundball, 3)
Top of the 4th over - 0 run(s), 0 hit(s), 0 error(s), 0 left on base; Hialeah 0 - Santa Barbara 1
BOTTOM OF THE 4TH
Santa Barbara Golden Cranes batting - Pitching for Hialeah Dodos : RHP Stanley Eldrige
Batting: RHB Logan Manning 0-0: Called Strike
0-1: Ball
1-1: SINGLE (Groundball, 6MD)
Batting: RHB Gilbert Graham 0-0: Ball
1-0: Foul Ball, location: 2F
1-1: Called Strike
1-2: Grounds into double play, 6-4-3 (Groundball, 6)
Batting: RHB Lúcio Sánchez 0-0: Called Strike
0-1: Fly out, F9 (Line Drive, 89M)
Bottom of the 4th over - 0 run(s), 1 hit(s), 0 error(s), 0 left on base; Hialeah 0 - Santa Barbara 1
TOP OF THE 5TH
Hialeah Dodos batting - Pitching for Santa Barbara Golden Cranes : RHP Joey McCarthy
Batting: LHB Perry Bothof 0-0: Called Strike
0-1: Ball
1-1: Foul Ball, location: 2F
1-2: Foul Ball, location: 2F
1-2: Fly out, F9 (Flyball, 89S)
Batting: RHB Daniel Ruíz 0-0: Called Strike
0-1: Ball
1-1: Ball
2-1: Foul Ball, location: 2F
2-2: Strikes out swinging
Batting: SHB Vincente Ybarra 0-0: Ball
1-0: Ground out 4-3 (Groundball, 4D)
Top of the 5th over - 0 run(s), 0 hit(s), 0 error(s), 0 left on base; Hialeah 0 - Santa Barbara 1
BOTTOM OF THE 5TH
Santa Barbara Golden Cranes batting - Pitching for Hialeah Dodos : RHP Stanley Eldrige
Batting: RHB Ángel López 0-0: Foul Ball, location: 2F
0-1: Called Strike
0-2: Ground out 5-3 (Groundball, 56)
Batting: RHB Edmund Gallagher 0-0: Ball
1-0: Swinging Strike
1-1: Ball
2-1: Fly out, F7 (Flyball, 7S)
Batting: RHB Jordan Hollins 0-0: Ball
1-0: SINGLE (Groundball, 4MD)
Batting: RHB Daniel Maldonado 0-0: Called Strike
0-1: Fly out, F9 (Flyball, 9S)
Bottom of the 5th over - 0 run(s), 1 hit(s), 0 error(s), 1 left on base; Hialeah 0 - Santa Barbara 1
TOP OF THE 6TH
Hialeah Dodos batting - Pitching for Santa Barbara Golden Cranes : RHP Joey McCarthy
Batting: RHB Armando García 0-0: Ball
1-0: Ball
2-0: Ball
3-0: Swinging Strike
3-1: SINGLE (Line Drive, 89S)
Batting: RHB Jorge Salgado 0-0: Sac Bunt - play at first, batter OUT! 1-3
Armando García to second
Batting: SHB Luis Manuel Flores 0-0: Called Strike
0-1: Ball
1-1: Called Strike
1-2: Ball
2-2: Fly out, F2 (Popup, 2R)
Batting: RHB Luis Jelarde 0-0: Ball
1-0: Ball
2-0: Called Strike
2-1: Fly out, F8 (Flyball, 8LM)
Top of the 6th over - 0 run(s), 1 hit(s), 0 error(s), 1 left on base; Hialeah 0 - Santa Barbara 1
BOTTOM OF THE 6TH
Santa Barbara Golden Cranes batting - Pitching for Hialeah Dodos : RHP Stanley Eldrige
Batting: RHB Ed St. James 0-0: Called Strike
0-1: SINGLE (Line Drive, 4D)
Batting: LHB Sixto Álvarez 0-0: Called Strike
0-1: Grounds into double play, 4-6-3 (Groundball, 34)
Batting: RHB Logan Manning 0-0: Ground out 5-3 (Groundball, 56)
Bottom of the 6th over - 0 run(s), 1 hit(s), 0 error(s), 0 left on base; Hialeah 0 - Santa Barbara 1
TOP OF THE 7TH
Hialeah Dodos batting - Pitching for Santa Barbara Golden Cranes : RHP Joey McCarthy
Batting: LHB Curt Wilson 0-0: Called Strike
0-1: Ball
1-1: Foul Ball, location: 2F
1-2: Ball
2-2: Ball
3-2: Base on Balls
Batting: SHB Javier Gonzáles 0-0: Called Strike
0-1: Called Strike
0-2: DOUBLE (Line Drive, 7LS)
Curt Wilson to third
Runner from 3rd tries for Home, SAFE, no throw
Batting: LHB Perry Bothof 0-0: Called Strike
0-1: Swinging Strike
0-2: Ball
1-2: Reached on error, E3 (Groundball, 3)
Javier Gonzáles to third
Pinch Hitting: RHB Vincente Rotham 0-0: Ground out 6-3 (Groundball, 6)
Perry Bothof to second
Batting: SHB Vincente Ybarra 0-0: Foul Ball, location: 2F
0-1: Ball
1-1: Ball
2-1: Swinging Strike
2-2: Strikes out swinging
Batting: RHB Armando García 0-0: Called Strike
0-1: Called Strike
0-2: Strikes out swinging
Top of the 7th over - 1 run(s), 1 hit(s), 1 error(s), 2 left on base; Hialeah 1 - Santa Barbara 1
BOTTOM OF THE 7TH
Santa Barbara Golden Cranes batting - Pitching for Hialeah Dodos : RHP Stanley Eldrige
Now at SS: Vincente Rotham
Batting: RHB Gilbert Graham 0-0: Swinging Strike
0-1: Swinging Strike
0-2: Ball
1-2: Ball
2-2: Ball
3-2: SINGLE (Flyball, 7LS)
Batting: RHB Lúcio Sánchez 0-0: Called Strike
0-1: Foul Ball, location: 2F
0-2: Ball
1-2: DOUBLE (Line Drive, 7D)
Gilbert Graham to third
Runner from 3rd tries for Home, throw and OUT!
Batting: RHB Ángel López 0-0: Ball
1-0: Called Strike
1-1: Called Strike
1-2: Foul Ball, location: 2F
1-2: Ball
2-2: Fly out, F9 (Flyball, 9S)
Pinch Hitting: LHB Armando Villarreal 0-0: Ball
1-0: Ball
2-0: Ball
3-0: Base on Balls
Batting: RHB Jordan Hollins 0-0: Called Strike
0-1: Ball
1-1: Ball
2-1: SINGLE (Line Drive, 89M)
Lúcio Sánchez to third
Armando Villarreal to second
Batting: RHB Daniel Maldonado 0-0: Called Strike
0-1: Fly out, F7 (Flyball, 7)
Bottom of the 7th over - 0 run(s), 3 hit(s), 0 error(s), 3 left on base; Hialeah 1 - Santa Barbara 1
TOP OF THE 8TH
Hialeah Dodos batting - Pitching for Santa Barbara Golden Cranes : RHP Joey McCarthy
Now in RF: Armando Villarreal
Pinch Hitting: LHB Errol Levick 0-0: Ball
1-0: Swinging Strike
1-1: Ball
2-1: Ball
3-1: Foul Ball, location: 2F
3-2: Foul Ball, location: 2F
3-2: Ground out 4-3 (Groundball, 4S)
Batting: SHB Luis Manuel Flores 0-0: Called Strike
0-1: Reached via error on a dropped throw, E1
Batting: RHB Luis Jelarde 0-0: Grounds into double play, 6-4-3 (Groundball, 6)
Top of the 8th over - 0 run(s), 0 hit(s), 1 error(s), 0 left on base; Hialeah 1 - Santa Barbara 1
BOTTOM OF THE 8TH
Santa Barbara Golden Cranes batting - Pitching for Hialeah Dodos : RHP Stanley Eldrige
Now in CF: Wilson Pérez
Batting: RHB Ed St. James 0-0: Foul Ball, location: 2F
0-1: Foul Ball, location: 2F
0-2: SINGLE (Groundball, 34S) (infield hit)
Batting: LHB Sixto Álvarez 0-0: Called Strike
0-1: Called Strike
Ed St. James is caught stealing 2nd base
0-2: Ball
1-2: Fly out, F7 (Flyball, 7S)
Batting: RHB Logan Manning 0-0: SINGLE (Line Drive, 56D)
Batting: RHB Gilbert Graham 0-0: Ball
1-0: Called Strike
1-1: Ball
2-1: Ball
3-1: Foul Ball, location: 2F
3-2: Foul Ball, location: 2F
3-2: Ground out 6-3 (Groundball, 6)
Bottom of the 8th over - 0 run(s), 2 hit(s), 0 error(s), 1 left on base; Hialeah 1 - Santa Barbara 1
TOP OF THE 9TH
Hialeah Dodos batting - Pitching for Santa Barbara Golden Cranes : RHP Joey McCarthy
Pitching: LHP Jim Unknown
Pinch Hitting: RHB Gerald Sims 0-0: Foul Ball, location: 2F
0-1: Ball
1-1: Called Strike
1-2: Strikes out swinging
Batting: SHB Javier Gonzáles 0-0: Ball
1-0: Ball
2-0: Called Strike
2-1: Reached on error, E9 (Flyball, 9)
Batting: LHB Perry Bothof 0-0: Ball
1-0: Called Strike
Balk!
Javier Gonzáles to second
1-1: Ground out 4-3 (Groundball, 4)
Javier Gonzáles to third
Batting: RHB Vincente Rotham 0-0: Ball
1-0: Ball
2-0: Ball
3-0: Base on Balls
Batting: SHB Vincente Ybarra 0-0: Ball
1-0: Ball
2-0: Called Strike
2-1: Ground out 5-3 (Groundball, 56S)
Top of the 9th over - 0 run(s), 0 hit(s), 1 error(s), 2 left on base; Hialeah 1 - Santa Barbara 1
BOTTOM OF THE 9TH
Santa Barbara Golden Cranes batting - Pitching for Hialeah Dodos : RHP Stanley Eldrige
Now at 3B: Gerald Sims
Batting: RHB Lúcio Sánchez 0-0: Ball
1-0: Ball
2-0: Ball
3-0: Base on Balls
Pinch Runner at 1st Manny Rosário:
Batting: RHB Ángel López 0-0: Sac Bunt - play at first, batter OUT! 1-4
Manny Rosário to second
Batting: LHB Armando Villarreal 0-0: Intentional Walk
Batting: RHB Jordan Hollins 0-0: Ball
1-0: Called Strike
1-1: Swinging Strike
1-2: Foul Ball, location: 2F
1-2: Ball
2-2: Ball
3-2: Foul Ball, location: 2F
3-2: Grounds into double play, 6-4-3 (Groundball, 6)
Bottom of the 9th over - 0 run(s), 0 hit(s), 0 error(s), 1 left on base; Hialeah 1 - Santa Barbara 1
TOP OF THE 10TH
Hialeah Dodos batting - Pitching for Santa Barbara Golden Cranes : LHP Jim Unknown
Now at 1B: John Moss
Batting: RHB Armando García 0-0: Called Strike
0-1: Ball
1-1: Ball
2-1: Ball
3-1: Ground out 5-3 (Groundball, 56)
Batting: RHB Wilson Pérez 0-0: Called Strike
0-1: Ball
1-1: Ball
2-1: Called Strike
2-2: Ball
3-2: Fly out, F8 (Line Drive, 8RD)
Batting: SHB Luis Manuel Flores 0-0: Ball
1-0: Called Strike
1-1: DOUBLE (Line Drive, 8RXD)
Batting: RHB Luis Jelarde 0-0: Ball
1-0: Foul Ball, location: 2F
1-1: Ball
2-1: Ball
3-1: Called Strike
3-2: Base on Balls
Batting: RHB Gerald Sims 0-0: Called Strike
0-1: Ball
1-1: Foul Ball, location: 2F
1-2: Fielders Choice at 2nd, 6-4 (Groundball, 6D)
Top of the 10th over - 0 run(s), 1 hit(s), 0 error(s), 1 left on base; Hialeah 1 - Santa Barbara 1
BOTTOM OF THE 10TH
Santa Barbara Golden Cranes batting - Pitching for Hialeah Dodos : RHP Stanley Eldrige
Pitching: RHP Earnest Casey
Batting: RHB Daniel Maldonado 0-0: Ball
1-0: Swinging Strike
1-1: Ball
2-1: Ball
3-1: Called Strike
3-2: SOLO HOME RUN (Flyball, 8LXD), Distance : 431 ft
Saturday, May 26th, 2018 - OOTP Baseball 17.12 Build 75